Connexion

NASHVILLE Predators vs VANCOUVER Canucks

Created - 29 août 2023 at 05:48

Goals
1 2 3 T
NASHVILLE Predators 1 1 2 4
VANCOUVER Canucks 1 6 1 8
Shots
1 2 3 T
NASHVILLE Predators 6 8 14 28
VANCOUVER Canucks 8 12 8 28

GoalsPenalties
1st period
1. VANCOUVER Canucks , Vladimir Tarasenko 2 (Nate Schmidt 9, Jack Eichel 5) at 0:20
2. NASHVILLE Predators , Colin White 1 (Brett Connolly 1, Chris Tanev 4) at 18:49
Ryan Pulock (VAN) for Holding Stick (Minor) at 2:27
Colin White (NAS) for Holding (Minor) at 5:18
Vladislav Namestnikov (NAS) for Roughing (Minor) at 14:32
Chris Tanev (NAS) for Roughing (Minor) at 16:35
Matt Duchene (VAN) for Roughing (Minor) at 19:13
Bryan Rust (NAS) for High sticking (Minor) at 19:13
2nd period
3. VANCOUVER Canucks , Vladimir Tarasenko 3 (Jack Eichel 6) at 2:39
4. NASHVILLE Predators , Filip Forsberg 3 (Cam Fowler 7, Vladislav Namestnikov 5) at 2:58
5. VANCOUVER Canucks , Matt Duchene 5 (Nate Schmidt 10, Travis Hamonic 6) at 7:10 (PP)
6. VANCOUVER Canucks , Matt Duchene 6 (Ryan Pulock 4, Nate Schmidt 11) at 8:39
7. VANCOUVER Canucks , Ryan Dzingel 2 (Travis Hamonic 7, Matt Duchene 5) at 15:24
8. VANCOUVER Canucks , Jack Eichel 5 (Nate Schmidt 12) at 15:34
9. VANCOUVER Canucks , Travis Hamonic 2 (Jack Eichel 7, Mattias Ekholm 5) at 19:27
Matt Grzelcyk (NAS) for Slashing (Minor) at 6:44
Jeremy Swayman (VAN) for Slashing (Minor) at 11:58 - Ben Chiarot served the penalty.
3rd period
10. NASHVILLE Predators , Filip Forsberg 4 (Leon Draisaitl 5, Cam Fowler 8) at 1:44 (PP)
11. NASHVILLE Predators , Ryan Donato 2 (Andrew Copp 4, Alexander Nylander 1) at 6:30
12. VANCOUVER Canucks , Jack Eichel 6 (Michael Rasmussen 1, Janne Kuokkanen 2) at 11:40
Ryan Pulock (VAN) for Holding (Minor) at 0:08
Goalie Stats
Matt Murray (NAS), 12 saves from 16 shots - (0,750), 28:39 minutes
Cal Petersen (NAS), 8 saves from 12 shots - (0,667), L, 0-4-0, 31:21 minutes
Jeremy Swayman (VAN), 24 saves from 28 shots - (0,857), W, 3-4-0, 60:00 minutes
3 StarsOfficial
1 - Jack Eichel (VAN)
2 - Nate Schmidt (VAN)
3 - Travis Hamonic (VAN)
Referees : Frederick L'Ecuyer and Dave Jackson
Linesman : Brad Kovachik and Derek Nansen
Game Note
Cal Petersen enters game at 8:39 of 2nd period
Finance
Level 1 -- Attendance: 5690 (94,83%) -- Ticket Income 682 800 $
Level 2 -- Attendance: 5357 (95,15%) -- Ticket Income 401 775 $
Level 3 -- Attendance: 2000 (100,00%) -- Ticket Income 90 000 $
Level 4 -- Attendance: 3561 (89,03%) -- Ticket Income 106 830 $
Luxury Box -- Attendance: 1000 (100,00%) -- Ticket Income 225 000 $
Game was played at the Rogers Arena.
Total Attendance: 17608 (94,51%)
Total Ticket Income: 1 506 405 $
Other Income: 301 281 $
Total Income: 1 807 686 $



Team Name Goals Shots Shots Attemp Shots Blocked PIM HIT PP PK FO%
NASHVILLE Predators 428531110201 / 3 (33%)153%
VANCOUVER Canucks 8286198311 / 4 (25%)147%

NASHVILLE Predators
Player Name POS G A P +/- PIM HIT SHT SB MP PP MP PP SHT PK MP PK SHT FO% FOT
Alexander NylanderRW0111010011:350:0000:0000% 0
Andrew CoppC/LW0111024011:350:0000:00073% 15
Brett ConnollyLW/RW011000002:400:0000:0000% 0
Bryan RustLW/RW000-2211018:322:3600:000100% 2
Calle JarnkrokC/LW/RW000-2002021:172:3602:29046% 24
Cam FowlerD022-3000326:222:5803:0800% 0
Chris TanevD0112231013:190:0000:0000% 0
Colin WhiteC/RW101020112:390:0000:0000% 0
Erik BrannstromD0002001013:320:0000:1200% 0
Erik GustafssonD000-3023220:182:3613:1500% 0
Filip ForsbergLW202-3014023:572:5813:2300% 1
Henrik BorgstromC000000102:400:0000:00050% 2
Josh MorrisseyD000-3001426:222:5813:0800% 0
Kevin LabancLW/RW000-2012118:332:3610:0000% 1
Leon DraisaitlC/LW/RW011-3031021:592:5802:54075% 4
Matt GrzelcykD000-3221020:052:3603:0300% 0
Ryan DonatoC/LW1011001013:000:0001:25050% 2
Vladislav NamestnikovC/LW/RW011-3244023:082:5802:35047% 32
VANCOUVER Canucks
Player Name POS G A P +/- PIM HIT SHT SB MP PP MP PP SHT PK MP PK SHT FO% FOT
Ben ChiarotD000-1030114:130:0002:1100% 0
Brandon DavidsonD000-1031012:020:0000:0000% 0
Casey MittelstadtC0002003022:473:0200:00055% 29
Devin ShoreC/LW/RW000-101006:210:0003:4700% 0
Jack EichelC2353005027:483:2100:00040% 43
Janne KuokkanenLW0110001010:450:0000:0000% 0
Joel Eriksson EKC/LW/RW0002062019:203:2110:00075% 4
Logan ShawC/RW000000000:000:0000:0000% 0
Matt DucheneC/LW2132212023:573:0211:110100% 1
Mattias EkholmD0111000023:022:4203:2900% 0
Michael RasmussenC0110042110:410:0000:2100% 0
Nate SchmidtD0444010325:383:4102:5500% 0
Ryan DzingelC/LW/RW1012035223:003:0231:1700% 1
Ryan PulockD0113450122:562:4201:1500% 0
Tomas NosekC/LW000000003:330:0003:33040% 5
Travis HamonicD1232032122:073:4101:1800% 0
Tyler AngleC000000000:590:0000:5900% 0
Vladimir TarasenkoRW2022015023:153:2110:0000% 0



Play-by-Play

1st period


0:01 of 1st period - Jack Eichel wins face-off versus Vladislav Namestnikov in neutral zone.
0:20 of 1st period - Shot by Vladimir Tarasenko.
0:20 of 1st period - Goal by Vladimir Tarasenko - NASHVILLE Predators : 0 - VANCOUVER Canucks : 1.
0:21 of 1st period - Calle Jarnkrok wins face-off versus Casey Mittelstadt in neutral zone.
0:36 of 1st period - Shot by Calle Jarnkrok.
0:36 of 1st period - Stopped by Jeremy Swayman with a rebound.
1:05 of 1st period - Ryan Dzingel is hit by Matt Grzelcyk and loses puck.
1:31 of 1st period - Shot by Janne Kuokkanen.
1:31 of 1st period - Stopped by Matt Murray with a rebound.
2:06 of 1st period - Icing by Erik Brannstrom.
2:07 of 1st period - Andrew Copp wins face-off versus Jack Eichel in NASHVILLE Predators zone.
2:07 of 1st period - Andrew Copp is hit by Joel Eriksson EK.
2:10 of 1st period - Ryan Donato is hit by Joel Eriksson EK and loses puck.
2:27 of 1st period - Minor Penalty to Ryan Pulock for Holding Stick.
2:28 of 1st period - Vladislav Namestnikov wins face-off versus Tomas Nosek in VANCOUVER Canucks zone.
3:45 of 1st period - Shot by Matt Grzelcyk.
3:45 of 1st period - Shot Misses the Net.
3:47 of 1st period - Shot by Erik Gustafsson.
3:47 of 1st period - Shot Misses the Net.
3:51 of 1st period - Shot by Erik Gustafsson.
3:51 of 1st period - Shot Blocked by Nate Schmidt.
3:53 of 1st period - Shot by Bryan Rust.
3:53 of 1st period - Shot Misses the Net.
4:32 of 1st period - Shot by Vladislav Namestnikov.
4:32 of 1st period - Shot Blocked by Travis Hamonic.
4:34 of 1st period - Shot by Erik Brannstrom.
4:34 of 1st period - Stopped by Jeremy Swayman without a rebound.
4:35 of 1st period - Jack Eichel wins face-off versus Andrew Copp in VANCOUVER Canucks zone.
4:47 of 1st period - Off-side.
4:48 of 1st period - Casey Mittelstadt wins face-off versus Henrik Borgstrom in neutral zone.
4:50 of 1st period - Ryan Dzingel is hit by Chris Tanev and loses puck.
4:55 of 1st period - Shot by Ryan Dzingel.
4:55 of 1st period - Shot Blocked by Colin White.
5:13 of 1st period - Shot by Brett Connolly.
5:13 of 1st period - Shot Misses the Net.
5:15 of 1st period - Shot by Colin White.
5:15 of 1st period - Shot Misses the Net.
5:18 of 1st period - Minor Penalty to Colin White for Holding.
5:19 of 1st period - Jack Eichel wins face-off versus Vladislav Namestnikov in NASHVILLE Predators zone.
5:26 of 1st period - Shot by Vladimir Tarasenko.
5:26 of 1st period - Stopped by Matt Murray without a rebound.
5:27 of 1st period - Jack Eichel wins face-off versus Vladislav Namestnikov in NASHVILLE Predators zone.
5:32 of 1st period - Shot by Joel Eriksson EK.
5:32 of 1st period - Stopped by Matt Murray without a rebound.
5:33 of 1st period - Vladislav Namestnikov wins face-off versus Jack Eichel in NASHVILLE Predators zone.
6:15 of 1st period - Shot by Vladimir Tarasenko.
6:15 of 1st period - Shot Blocked by Cam Fowler.
6:33 of 1st period - Shot by Ryan Pulock.
6:33 of 1st period - Shot Blocked by Erik Gustafsson.
7:05 of 1st period - Shot by Ryan Dzingel.
7:05 of 1st period - Stopped by Matt Murray with a rebound.
7:16 of 1st period - Icing by Joel Eriksson EK.
7:17 of 1st period - Vladislav Namestnikov wins face-off versus Jack Eichel in VANCOUVER Canucks zone.
7:17 of 1st period - Vladislav Namestnikov is hit by Travis Hamonic.
9:16 of 1st period - Vladimir Tarasenko is hit by Erik Gustafsson and loses puck.
9:25 of 1st period - Joel Eriksson EK is hit by Kevin Labanc and loses puck.
10:26 of 1st period - Shot by Brett Connolly.
10:26 of 1st period - Shot Misses the Net.
10:28 of 1st period - Shot by Henrik Borgstrom.
10:28 of 1st period - Stopped by Jeremy Swayman without a rebound.
10:29 of 1st period - Jack Eichel wins face-off versus Vladislav Namestnikov in VANCOUVER Canucks zone.
10:29 of 1st period - Jack Eichel is hit by Vladislav Namestnikov.
10:42 of 1st period - Off-side.
10:43 of 1st period - Andrew Copp wins face-off versus Jack Eichel in neutral zone.
10:46 of 1st period - Janne Kuokkanen is hit by Alexander Nylander and loses puck.
10:51 of 1st period - Shot by Alexander Nylander.
10:51 of 1st period - Shot Blocked by Michael Rasmussen.
10:53 of 1st period - Shot by Erik Gustafsson.
10:53 of 1st period - Stopped by Jeremy Swayman with a rebound.
11:10 of 1st period - Off-side.
11:11 of 1st period - Matt Duchene wins face-off versus Vladislav Namestnikov in neutral zone.
11:54 of 1st period - Shot by Casey Mittelstadt.
11:54 of 1st period - Deflect By Devin Shore.
11:54 of 1st period - Shot Misses the Net.
12:08 of 1st period - Shot by Jack Eichel.
12:08 of 1st period - Stopped by Matt Murray with a rebound.
12:16 of 1st period - Janne Kuokkanen is hit by Vladislav Namestnikov and loses puck.
12:27 of 1st period - Shot by Brandon Davidson.
12:27 of 1st period - Stopped by Matt Murray without a rebound.
12:28 of 1st period - Casey Mittelstadt wins face-off versus Calle Jarnkrok in NASHVILLE Predators zone.
12:32 of 1st period - Icing by Kevin Labanc.
12:33 of 1st period - Jack Eichel wins face-off versus Calle Jarnkrok in NASHVILLE Predators zone.
12:48 of 1st period - Calle Jarnkrok is hit by Michael Rasmussen and loses puck.
13:02 of 1st period - Bryan Rust is hit by Travis Hamonic and loses puck.
14:02 of 1st period - Off-side.
14:03 of 1st period - Vladislav Namestnikov wins face-off versus Jack Eichel in neutral zone.
14:08 of 1st period - Shot by Filip Forsberg.
14:08 of 1st period - Stopped by Jeremy Swayman without a rebound.
14:09 of 1st period - Casey Mittelstadt wins face-off versus Vladislav Namestnikov in VANCOUVER Canucks zone.
14:09 of 1st period - Casey Mittelstadt is hit by Vladislav Namestnikov.
14:32 of 1st period - Minor Penalty to Vladislav Namestnikov for Roughing.
14:33 of 1st period - Jack Eichel wins face-off versus Ryan Donato in NASHVILLE Predators zone.
14:39 of 1st period - Vladimir Tarasenko is hit by Matt Grzelcyk and loses puck.
15:38 of 1st period - Shot by Matt Duchene.
15:38 of 1st period - Shot Blocked by Josh Morrissey.
15:40 of 1st period - Shot by Mattias Ekholm.
15:40 of 1st period - Shot Blocked by Cam Fowler.
15:46 of 1st period - Shot by Ryan Dzingel.
15:46 of 1st period - Stopped by Matt Murray without a rebound.
15:47 of 1st period - Ryan Donato wins face-off versus Casey Mittelstadt in NASHVILLE Predators zone.
15:58 of 1st period - Josh Morrissey is hit by Ryan Dzingel and loses puck.
16:28 of 1st period - Off-side.
16:29 of 1st period - Jack Eichel wins face-off versus Leon Draisaitl in neutral zone.
16:35 of 1st period - Minor Penalty to Chris Tanev for Roughing.
16:36 of 1st period - Joel Eriksson EK wins face-off versus Vladislav Namestnikov in NASHVILLE Predators zone.
17:01 of 1st period - Shot by Travis Hamonic.
17:01 of 1st period - Deflect By Jack Eichel.
17:01 of 1st period - Shot Misses the Net.
18:47 of 1st period - Shot by Brett Connolly.
18:47 of 1st period - Shot Misses the Net.
18:49 of 1st period - Shot by Colin White.
18:49 of 1st period - Goal by Colin White - NASHVILLE Predators : 1 - VANCOUVER Canucks : 1.
18:50 of 1st period - Andrew Copp wins face-off versus Casey Mittelstadt in neutral zone.
18:56 of 1st period - Andrew Copp is hit by Brandon Davidson and loses puck.
19:00 of 1st period - Icing by Matt Duchene.
19:01 of 1st period - Casey Mittelstadt wins face-off versus Calle Jarnkrok in VANCOUVER Canucks zone.
19:13 of 1st period - Minor Penalty to Matt Duchene for Roughing.
19:13 of 1st period - Minor Penalty to Bryan Rust for High sticking.
19:14 of 1st period - Jack Eichel wins face-off versus Vladislav Namestnikov in neutral zone.
19:23 of 1st period - Shot by Jack Eichel.
19:23 of 1st period - Shot Misses the Net.
Goals for this period are 1 for NASHVILLE Predators vs 1 for VANCOUVER Canucks .
Shots for this period are 6 for NASHVILLE Predators vs 8 for VANCOUVER Canucks .

2nd period


0:01 of 2nd period - Vladislav Namestnikov wins face-off versus Jack Eichel in neutral zone.
0:14 of 2nd period - Shot by Cam Fowler.
0:14 of 2nd period - Shot Blocked by Nate Schmidt.
0:16 of 2nd period - Shot by Filip Forsberg.
0:16 of 2nd period - Stopped by Jeremy Swayman with a rebound.
0:28 of 2nd period - Shot by Jack Eichel.
0:28 of 2nd period - Deflect By Ryan Dzingel.
0:28 of 2nd period - Shot Blocked by Josh Morrissey.
1:21 of 2nd period - Shot by Casey Mittelstadt.
1:21 of 2nd period - Shot Misses the Net.
1:23 of 2nd period - Shot by Casey Mittelstadt.
1:23 of 2nd period - Stopped by Matt Murray without a rebound.
1:24 of 2nd period - Casey Mittelstadt wins face-off versus Calle Jarnkrok in NASHVILLE Predators zone.
1:32 of 2nd period - Icing by Matt Grzelcyk.
1:33 of 2nd period - Calle Jarnkrok wins face-off versus Jack Eichel in NASHVILLE Predators zone.
2:04 of 2nd period - Shot by Vladimir Tarasenko.
2:04 of 2nd period - Shot Blocked by Erik Gustafsson.
2:06 of 2nd period - Shot by Joel Eriksson EK.
2:06 of 2nd period - Shot Misses the Net.
2:08 of 2nd period - Shot by Nate Schmidt.
2:08 of 2nd period - Deflect By Vladimir Tarasenko.
2:08 of 2nd period - Stopped by Matt Murray without a rebound.
2:09 of 2nd period - Vladislav Namestnikov wins face-off versus Casey Mittelstadt in NASHVILLE Predators zone.
2:13 of 2nd period - Josh Morrissey is hit by Travis Hamonic and loses puck.
2:17 of 2nd period - Icing by Mattias Ekholm.
2:18 of 2nd period - Leon Draisaitl wins face-off versus Casey Mittelstadt in VANCOUVER Canucks zone.
2:31 of 2nd period - Josh Morrissey is hit by Matt Duchene.
2:35 of 2nd period - Shot by Casey Mittelstadt.
2:35 of 2nd period - Stopped by Matt Murray without a rebound.
2:36 of 2nd period - Jack Eichel wins face-off versus Calle Jarnkrok in NASHVILLE Predators zone.
2:37 of 2nd period - Shot by Vladimir Tarasenko.
2:37 of 2nd period - Deflect By Jack Eichel.
2:37 of 2nd period - Stopped by Matt Murray with a rebound.
2:39 of 2nd period - Shot by Vladimir Tarasenko.
2:39 of 2nd period - Goal by Vladimir Tarasenko - NASHVILLE Predators : 1 - VANCOUVER Canucks : 2.
2:40 of 2nd period - Jack Eichel wins face-off versus Vladislav Namestnikov in neutral zone.
2:43 of 2nd period - Filip Forsberg is hit by Joel Eriksson EK and loses puck.
2:58 of 2nd period - Shot by Filip Forsberg.
2:58 of 2nd period - Goal by Filip Forsberg - NASHVILLE Predators : 2 - VANCOUVER Canucks : 2.
2:59 of 2nd period - Calle Jarnkrok wins face-off versus Casey Mittelstadt in neutral zone.
3:30 of 2nd period - Shot by Matt Duchene.
3:30 of 2nd period - Shot Misses the Net.
4:41 of 2nd period - Off-side.
4:42 of 2nd period - Andrew Copp wins face-off versus Jack Eichel in neutral zone.
4:46 of 2nd period - Ryan Donato is hit by Ben Chiarot and loses puck.
4:56 of 2nd period - Ben Chiarot is hit by Chris Tanev and loses puck.
5:18 of 2nd period - Icing by Ryan Donato.
5:19 of 2nd period - Casey Mittelstadt wins face-off versus Andrew Copp in NASHVILLE Predators zone.
5:19 of 2nd period - Casey Mittelstadt is hit by Chris Tanev.
5:39 of 2nd period - Travis Hamonic is hit by Andrew Copp.
5:43 of 2nd period - Ryan Donato is hit by Ryan Dzingel and loses puck.
6:16 of 2nd period - Shot by Vladislav Namestnikov.
6:16 of 2nd period - Stopped by Jeremy Swayman with a rebound.
6:27 of 2nd period - Icing by Ryan Pulock.
6:28 of 2nd period - Calle Jarnkrok wins face-off versus Joel Eriksson EK in VANCOUVER Canucks zone.
6:35 of 2nd period - Icing by Nate Schmidt.
6:36 of 2nd period - Jack Eichel wins face-off versus Kevin Labanc in VANCOUVER Canucks zone.
6:44 of 2nd period - Minor Penalty to Matt Grzelcyk for Slashing.
6:45 of 2nd period - Casey Mittelstadt wins face-off versus Vladislav Namestnikov in NASHVILLE Predators zone.
6:48 of 2nd period - Shot by Ryan Dzingel.
6:48 of 2nd period - Stopped by Matt Murray without a rebound.
6:49 of 2nd period - Casey Mittelstadt wins face-off versus Vladislav Namestnikov in NASHVILLE Predators zone.
7:08 of 2nd period - Shot by Travis Hamonic.
7:08 of 2nd period - Shot Misses the Net.
7:10 of 2nd period - Shot by Nate Schmidt.
7:10 of 2nd period - Deflect By Matt Duchene.
7:10 of 2nd period - Goal by Matt Duchene - NASHVILLE Predators : 2 - VANCOUVER Canucks : 3.
7:11 of 2nd period - Jack Eichel wins face-off versus Calle Jarnkrok in neutral zone.
7:16 of 2nd period - Josh Morrissey is hit by Joel Eriksson EK and loses puck.
8:33 of 2nd period - Shot by Ryan Dzingel.
8:33 of 2nd period - Shot Misses the Net.
8:35 of 2nd period - Shot by Nate Schmidt.
8:35 of 2nd period - Shot Misses the Net.
8:37 of 2nd period - Shot by Ryan Pulock.
8:37 of 2nd period - Shot Blocked by Cam Fowler.
8:39 of 2nd period - Shot by Matt Duchene.
8:39 of 2nd period - Goal by Matt Duchene - NASHVILLE Predators : 2 - VANCOUVER Canucks : 4.
8:39 of 2nd period - Cal Petersen enters game.
8:40 of 2nd period - Vladislav Namestnikov wins face-off versus Jack Eichel in neutral zone.
9:07 of 2nd period - Shot by Jack Eichel.
9:07 of 2nd period - Stopped by Cal Petersen without a rebound.
9:08 of 2nd period - Casey Mittelstadt wins face-off versus Andrew Copp in NASHVILLE Predators zone.
9:25 of 2nd period - Icing by Nate Schmidt.
9:26 of 2nd period - Casey Mittelstadt wins face-off versus Vladislav Namestnikov in VANCOUVER Canucks zone.
9:26 of 2nd period - Casey Mittelstadt is hit by Leon Draisaitl.
9:39 of 2nd period - Icing by Ryan Pulock.
9:40 of 2nd period - Andrew Copp wins face-off versus Casey Mittelstadt in VANCOUVER Canucks zone.
9:56 of 2nd period - Andrew Copp is hit by Ryan Pulock and loses puck.
11:58 of 2nd period - Shot by Bryan Rust.
11:58 of 2nd period - Stopped by Jeremy Swayman without a rebound.
11:58 of 2nd period - Minor Penalty to Jeremy Swayman for Slashing.
11:59 of 2nd period - Tomas Nosek wins face-off versus Calle Jarnkrok in VANCOUVER Canucks zone.
12:08 of 2nd period - Calle Jarnkrok is hit by Devin Shore and loses puck.
12:28 of 2nd period - Icing by Matt Grzelcyk.
12:29 of 2nd period - Calle Jarnkrok wins face-off versus Tomas Nosek in NASHVILLE Predators zone.
12:52 of 2nd period - Devin Shore is hit by Filip Forsberg and loses puck.
13:42 of 2nd period - Shot by Matt Grzelcyk.
13:42 of 2nd period - Deflect By Kevin Labanc.
13:42 of 2nd period - Stopped by Jeremy Swayman with a rebound.
13:44 of 2nd period - Shot by Erik Gustafsson.
13:44 of 2nd period - Stopped by Jeremy Swayman with a rebound.
14:22 of 2nd period - Shot by Joel Eriksson EK.
14:22 of 2nd period - Shot Misses the Net.
14:24 of 2nd period - Shot by Vladimir Tarasenko.
14:24 of 2nd period - Shot Misses the Net.
14:30 of 2nd period - Shot by Vladimir Tarasenko.
14:30 of 2nd period - Shot Misses the Net.
15:00 of 2nd period - Shot by Colin White.
15:00 of 2nd period - Shot Blocked by Ryan Dzingel.
15:22 of 2nd period - Shot by Matt Duchene.
15:22 of 2nd period - Shot Misses the Net.
15:24 of 2nd period - Shot by Travis Hamonic.
15:24 of 2nd period - Deflect By Ryan Dzingel.
15:24 of 2nd period - Goal by Ryan Dzingel - NASHVILLE Predators : 2 - VANCOUVER Canucks : 5.
15:25 of 2nd period - Leon Draisaitl wins face-off versus Jack Eichel in neutral zone.
15:25 of 2nd period - Matt Grzelcyk is hit by Michael Rasmussen and loses puck.
15:34 of 2nd period - Shot by Jack Eichel.
15:34 of 2nd period - Goal by Jack Eichel - NASHVILLE Predators : 2 - VANCOUVER Canucks : 6.
15:35 of 2nd period - Vladislav Namestnikov wins face-off versus Jack Eichel in neutral zone.
15:38 of 2nd period - Shot by Filip Forsberg.
15:38 of 2nd period - Deflect By Vladislav Namestnikov.
15:38 of 2nd period - Stopped by Jeremy Swayman without a rebound.
15:39 of 2nd period - Vladislav Namestnikov wins face-off versus Casey Mittelstadt in VANCOUVER Canucks zone.
15:45 of 2nd period - Shot by Vladislav Namestnikov.
15:45 of 2nd period - Shot Misses the Net.
15:55 of 2nd period - Shot by Leon Draisaitl.
15:55 of 2nd period - Shot Misses the Net.
15:57 of 2nd period - Shot by Filip Forsberg.
15:57 of 2nd period - Deflect By Leon Draisaitl.
15:57 of 2nd period - Shot Blocked by Ryan Pulock.
16:07 of 2nd period - Shot by Vladislav Namestnikov.
16:07 of 2nd period - Shot Misses the Net.
16:24 of 2nd period - Icing by Ryan Pulock.
16:25 of 2nd period - Bryan Rust wins face-off versus Casey Mittelstadt in VANCOUVER Canucks zone.
16:43 of 2nd period - Icing by Josh Morrissey.
16:44 of 2nd period - Jack Eichel wins face-off versus Calle Jarnkrok in NASHVILLE Predators zone.
16:52 of 2nd period - Icing by Bryan Rust.
16:53 of 2nd period - Jack Eichel wins face-off versus Calle Jarnkrok in NASHVILLE Predators zone.
17:24 of 2nd period - Shot by Joel Eriksson EK.
17:24 of 2nd period - Shot Misses the Net.
17:26 of 2nd period - Shot by Mattias Ekholm.
17:26 of 2nd period - Shot Hit the Post.
18:04 of 2nd period - Icing by Cam Fowler.
18:05 of 2nd period - Jack Eichel wins face-off versus Calle Jarnkrok in NASHVILLE Predators zone.
18:15 of 2nd period - Icing by Josh Morrissey.
18:16 of 2nd period - Casey Mittelstadt wins face-off versus Calle Jarnkrok in NASHVILLE Predators zone.
18:48 of 2nd period - Shot by Ryan Dzingel.
18:48 of 2nd period - Shot Misses the Net.
19:03 of 2nd period - Icing by Cam Fowler.
19:04 of 2nd period - Calle Jarnkrok wins face-off versus Jack Eichel in NASHVILLE Predators zone.
19:25 of 2nd period - Shot by Jack Eichel.
19:25 of 2nd period - Shot Misses the Net.
19:27 of 2nd period - Shot by Travis Hamonic.
19:27 of 2nd period - Goal by Travis Hamonic - NASHVILLE Predators : 2 - VANCOUVER Canucks : 7.
19:28 of 2nd period - Andrew Copp wins face-off versus Jack Eichel in neutral zone.
19:37 of 2nd period - Shot by Chris Tanev.
19:37 of 2nd period - Stopped by Jeremy Swayman with a rebound.
Goals for this period are 1 for NASHVILLE Predators vs 6 for VANCOUVER Canucks .
Shots for this period are 8 for NASHVILLE Predators vs 12 for VANCOUVER Canucks .

3rd period


0:01 of 3rd period - Vladislav Namestnikov wins face-off versus Jack Eichel in neutral zone.
0:08 of 3rd period - Minor Penalty to Ryan Pulock for Holding.
0:09 of 3rd period - Tomas Nosek wins face-off versus Vladislav Namestnikov in VANCOUVER Canucks zone.
0:35 of 3rd period - Shot by Vladislav Namestnikov.
0:35 of 3rd period - Shot Misses the Net.
0:37 of 3rd period - Shot by Josh Morrissey.
0:37 of 3rd period - Stopped by Jeremy Swayman without a rebound.
0:38 of 3rd period - Calle Jarnkrok wins face-off versus Tomas Nosek in VANCOUVER Canucks zone.
1:03 of 3rd period - Shot by Erik Gustafsson.
1:03 of 3rd period - Shot Blocked by Ben Chiarot.
1:05 of 3rd period - Shot by Kevin Labanc.
1:05 of 3rd period - Shot Blocked by Nate Schmidt.
1:40 of 3rd period - Shot by Cam Fowler.
1:40 of 3rd period - Shot Misses the Net.
1:44 of 3rd period - Shot by Filip Forsberg.
1:44 of 3rd period - Goal by Filip Forsberg - NASHVILLE Predators : 3 - VANCOUVER Canucks : 7.
1:45 of 3rd period - Andrew Copp wins face-off versus Jack Eichel in neutral zone.
1:57 of 3rd period - Icing by Erik Brannstrom.
1:58 of 3rd period - Andrew Copp wins face-off versus Casey Mittelstadt in NASHVILLE Predators zone.
2:06 of 3rd period - Alexander Nylander is hit by Ben Chiarot and loses puck.
2:17 of 3rd period - Shot by Alexander Nylander.
2:17 of 3rd period - Shot Blocked by Ryan Dzingel.
2:35 of 3rd period - Shot by Andrew Copp.
2:35 of 3rd period - Stopped by Jeremy Swayman without a rebound.
2:36 of 3rd period - Vladislav Namestnikov wins face-off versus Jack Eichel in VANCOUVER Canucks zone.
2:39 of 3rd period - Shot by Leon Draisaitl.
2:39 of 3rd period - Stopped by Jeremy Swayman without a rebound.
2:40 of 3rd period - Jack Eichel wins face-off versus Vladislav Namestnikov in VANCOUVER Canucks zone.
2:40 of 3rd period - Jack Eichel is hit by Leon Draisaitl.
3:08 of 3rd period - Shot by Jack Eichel.
3:08 of 3rd period - Deflect By Joel Eriksson EK.
3:08 of 3rd period - Shot Blocked by Josh Morrissey.
3:24 of 3rd period - Shot by Joel Eriksson EK.
3:24 of 3rd period - Stopped by Cal Petersen without a rebound.
3:25 of 3rd period - Casey Mittelstadt wins face-off versus Calle Jarnkrok in NASHVILLE Predators zone.
3:25 of 3rd period - Casey Mittelstadt is hit by Erik Gustafsson.
3:29 of 3rd period - Shot by Ryan Dzingel.
3:29 of 3rd period - Stopped by Cal Petersen without a rebound.
3:30 of 3rd period - Calle Jarnkrok wins face-off versus Casey Mittelstadt in NASHVILLE Predators zone.
3:34 of 3rd period - Calle Jarnkrok is hit by Ryan Dzingel and loses puck.
3:59 of 3rd period - Icing by Matt Duchene.
4:00 of 3rd period - Leon Draisaitl wins face-off versus Casey Mittelstadt in VANCOUVER Canucks zone.
4:05 of 3rd period - Shot by Vladislav Namestnikov.
4:05 of 3rd period - Stopped by Jeremy Swayman without a rebound.
4:06 of 3rd period - Vladislav Namestnikov wins face-off versus Jack Eichel in VANCOUVER Canucks zone.
4:06 of 3rd period - Cam Fowler is hit by Ryan Pulock and loses puck.
5:02 of 3rd period - Matt Grzelcyk is hit by Joel Eriksson EK and loses puck.
6:06 of 3rd period - Shot by Jack Eichel.
6:06 of 3rd period - Shot Blocked by Kevin Labanc.
6:10 of 3rd period - Shot by Michael Rasmussen.
6:10 of 3rd period - Stopped by Cal Petersen without a rebound.
6:11 of 3rd period - Andrew Copp wins face-off versus Jack Eichel in NASHVILLE Predators zone.
6:11 of 3rd period - Andrew Copp is hit by Michael Rasmussen.
6:28 of 3rd period - Shot by Alexander Nylander.
6:28 of 3rd period - Shot Misses the Net.
6:30 of 3rd period - Shot by Andrew Copp.
6:30 of 3rd period - Deflect By Ryan Donato.
6:30 of 3rd period - Goal by Ryan Donato - NASHVILLE Predators : 4 - VANCOUVER Canucks : 7.
6:31 of 3rd period - Casey Mittelstadt wins face-off versus Vladislav Namestnikov in neutral zone.
7:40 of 3rd period - Shot by Ryan Donato.
7:40 of 3rd period - Deflect By Andrew Copp.
7:40 of 3rd period - Stopped by Jeremy Swayman without a rebound.
7:41 of 3rd period - Henrik Borgstrom wins face-off versus Ryan Dzingel in VANCOUVER Canucks zone.
7:41 of 3rd period - Matt Grzelcyk is hit by Brandon Davidson and loses puck.
8:08 of 3rd period - Shot by Ryan Dzingel.
8:08 of 3rd period - Deflect By Vladimir Tarasenko.
8:08 of 3rd period - Stopped by Cal Petersen without a rebound.
8:09 of 3rd period - Calle Jarnkrok wins face-off versus Jack Eichel in NASHVILLE Predators zone.
8:09 of 3rd period - Calle Jarnkrok is hit by Michael Rasmussen.
8:20 of 3rd period - Calle Jarnkrok is hit by Nate Schmidt.
9:15 of 3rd period - Icing by Travis Hamonic.
9:16 of 3rd period - Casey Mittelstadt wins face-off versus Vladislav Namestnikov in VANCOUVER Canucks zone.
10:13 of 3rd period - Icing by Matt Grzelcyk.
10:14 of 3rd period - Andrew Copp wins face-off versus Jack Eichel in NASHVILLE Predators zone.
10:14 of 3rd period - Andrew Copp is hit by Joel Eriksson EK.
10:27 of 3rd period - Nate Schmidt is hit by Andrew Copp and loses puck.
10:39 of 3rd period - Ryan Donato is hit by Ryan Pulock and loses puck.
10:46 of 3rd period - Shot by Matt Grzelcyk.
10:46 of 3rd period - Stopped by Jeremy Swayman with a rebound.
11:11 of 3rd period - Off-side.
11:12 of 3rd period - Vladislav Namestnikov wins face-off versus Jack Eichel in neutral zone.
11:25 of 3rd period - Shot by Janne Kuokkanen.
11:25 of 3rd period - Shot Misses the Net.
11:27 of 3rd period - Shot by Michael Rasmussen.
11:27 of 3rd period - Shot Misses the Net.
11:38 of 3rd period - Shot by Michael Rasmussen.
11:38 of 3rd period - Shot Blocked by Josh Morrissey.
11:40 of 3rd period - Shot by Jack Eichel.
11:40 of 3rd period - Goal by Jack Eichel - NASHVILLE Predators : 4 - VANCOUVER Canucks : 8.
11:41 of 3rd period - Calle Jarnkrok wins face-off versus Casey Mittelstadt in neutral zone.
12:22 of 3rd period - Matt Duchene is hit by Bryan Rust.
13:01 of 3rd period - Off-side.
13:02 of 3rd period - Andrew Copp wins face-off versus Jack Eichel in neutral zone.
13:09 of 3rd period - Shot by Alexander Nylander.
13:09 of 3rd period - Deflect By Andrew Copp.
13:09 of 3rd period - Stopped by Jeremy Swayman with a rebound.
13:11 of 3rd period - Shot by Andrew Copp.
13:11 of 3rd period - Stopped by Jeremy Swayman with a rebound.
13:21 of 3rd period - Shot by Erik Gustafsson.
13:21 of 3rd period - Stopped by Jeremy Swayman without a rebound.
13:22 of 3rd period - Vladislav Namestnikov wins face-off versus Jack Eichel in VANCOUVER Canucks zone.
13:32 of 3rd period - Vladislav Namestnikov is hit by Ben Chiarot and loses puck.
13:35 of 3rd period - Shot by Vladislav Namestnikov.
13:35 of 3rd period - Shot Misses the Net.
13:43 of 3rd period - Shot by Filip Forsberg.
13:43 of 3rd period - Deflect By Vladislav Namestnikov.
13:43 of 3rd period - Stopped by Jeremy Swayman without a rebound.
13:44 of 3rd period - Calle Jarnkrok wins face-off versus Jack Eichel in VANCOUVER Canucks zone.
13:45 of 3rd period - Shot by Kevin Labanc.
13:45 of 3rd period - Stopped by Jeremy Swayman without a rebound.
13:46 of 3rd period - Bryan Rust wins face-off versus Jack Eichel in VANCOUVER Canucks zone.
13:53 of 3rd period - Shot by Calle Jarnkrok.
13:53 of 3rd period - Stopped by Jeremy Swayman without a rebound.
13:54 of 3rd period - Casey Mittelstadt wins face-off versus Filip Forsberg in VANCOUVER Canucks zone.
13:54 of 3rd period - Casey Mittelstadt is hit by Vladislav Namestnikov.
14:19 of 3rd period - Icing by Josh Morrissey.
14:20 of 3rd period - Vladislav Namestnikov wins face-off versus Jack Eichel in NASHVILLE Predators zone.
14:37 of 3rd period - Shot by Jack Eichel.
14:37 of 3rd period - Shot Misses the Net.
14:39 of 3rd period - Shot by Travis Hamonic.
14:39 of 3rd period - Stopped by Cal Petersen without a rebound.
14:40 of 3rd period - Joel Eriksson EK wins face-off versus Calle Jarnkrok in NASHVILLE Predators zone.
15:20 of 3rd period - Kevin Labanc is hit by Ryan Pulock and loses puck.
15:23 of 3rd period - Shot by Calle Jarnkrok.
15:23 of 3rd period - Shot Misses the Net.
15:57 of 3rd period - Shot by Casey Mittelstadt.
15:57 of 3rd period - Stopped by Cal Petersen without a rebound.
15:58 of 3rd period - Casey Mittelstadt wins face-off versus Vladislav Namestnikov in NASHVILLE Predators zone.
16:29 of 3rd period - Matt Duchene is hit by Leon Draisaitl and loses puck.
17:16 of 3rd period - Shot by Janne Kuokkanen.
17:16 of 3rd period - Shot Misses the Net.
17:18 of 3rd period - Shot by Michael Rasmussen.
17:18 of 3rd period - Stopped by Cal Petersen without a rebound.
17:19 of 3rd period - Joel Eriksson EK wins face-off versus Andrew Copp in NASHVILLE Predators zone.
17:42 of 3rd period - Shot by Matt Grzelcyk.
17:42 of 3rd period - Shot Misses the Net.
18:14 of 3rd period - Cam Fowler is hit by Vladimir Tarasenko and loses puck.
18:54 of 3rd period - Bryan Rust is hit by Ryan Pulock and loses puck.
19:38 of 3rd period - Shot by Travis Hamonic.
19:38 of 3rd period - Shot Misses the Net.
19:58 of 3rd period - Leon Draisaitl is hit by Brandon Davidson and loses puck.
Goals for this period are 2 for NASHVILLE Predators vs 1 for VANCOUVER Canucks .
Shots for this period are 14 for NASHVILLE Predators vs 8 for VANCOUVER Canucks .